 Dungeon Crawl Stone Soup version 0.29-a0-317-gd16b76e6b1 (webtiles) character file.

Game seed: 8754152122303983755

35138 Dabor the Fighter (level 13, 0/120 (124) HPs)
             Began as a Naga Transmuter on Mar 31, 2022.
             Was a Priest of Cheibriados.
             Killed by divine providence
             ... invoked by an orc high priest
              (12 damage)
             ... on level 2 of the Orcish Mines.
             The game lasted 01:03:47 (22556 turns).

Dabor the Fighter (Naga Transmuter)                Turns: 22556, Time: 01:03:48

HP:   0/120 (124)   AC: 16    Str: 20    XL:     13   Next: 81%
MP:   20/26         EV: 12    Int: 23    God:    Cheibriados [***...]
Gold: 1215          SH:  0    Dex: 24    Spells: 18/30 levels left

rFire   . . .      SeeInvis +   H - +6 flail
rCold   . . .      Faith    .   (no shield)
rNeg    . . .      Spirit   .   E - +2 robe {Will+}
rPois   +          Reflect  .   F - +2 helmet
rElec   .          Harm     .   d - +2 cloak
rCorr   .          Rampage  .   I - +2 pair of gloves
Will    +++..                   (no barding)
Stlth   ++........              K - amulet of regeneration
HPRegen 1.10/turn               u - ring of willpower
MPRegen 0.20/turn               (no ring)

@: wereblooded, lightly drained, very slow
A: AC +4, large, see invisible, deformed body, poison resistance, slowness 2,
spit poison 1, naga tail 2
a: Spit Poison, Renounce Religion, Bend Time, Temporal Distortion


You were on level 2 of the Orcish Mines.
You worshipped Cheibriados.
Cheibriados was most pleased with you.
You visited 4 branches of the dungeon, and saw 17 of its levels.
You also visited: Volcano.

You collected 1215 gold pieces.

Inventory:

Hand Weapons
 B - a +0 antimagic demon trident
 H - a +6 flail (weapon)
Missiles
 k - 45 poisoned darts
 z - a throwing net
 A - 4 javelins
Armour
 d - a +2 cloak (worn)
 C - a +0 buckler
 E - a +2 robe of willpower (worn)
 F - a +2 helmet (worn)
 G - the +5 ring mail of Pantheism {+Inv rC+ Will-}
   (You found it on level 8 of the Dungeon)

   rC:        It protects you from cold.
   +Inv:      It lets you turn invisible.
   Will:      It decreases your willpower.
 I - a +2 pair of gloves (worn)
 M - a +2 robe of cold resistance
Jewellery
 u - a ring of willpower (left hand)
 K - an amulet of regeneration (around neck)
 L - a ring of ice
Wands
 c - a wand of acid (11)
 n - a wand of mindburst (15)
 D - a wand of flame (17)
Scrolls
 e - a scroll of fear
 f - a scroll of torment
 g - a scroll of holy word
 h - 2 scrolls of immolation
 l - a scroll of magic mapping
 o - a scroll of silence
 r - 9 scrolls of identify
 v - a scroll of amnesia
 w - 3 scrolls of summoning {unknown}
 y - 5 scrolls of teleportation
Potions
 a - 3 potions of ambrosia
 b - 2 potions of lignification
 i - a potion of mutation
 j - a potion of resistance
 m - 4 potions of cancellation
 p - 2 potions of flight
 q - 2 potions of heal wounds
 t - 2 potions of brilliance
 x - a potion of curing


   Skills:
 - Level 10.7(6.7) Fighting
 - Level 1.8(0.9) Maces & Flails
 + Level 1.6(0.8) Armour
 + Level 6.8(3.4) Dodging
 + Level 3.7(1.8) Stealth
 + Level 6.9(3.4) Unarmed Combat
 - Level 9.0(5.0) Spellcasting
 - Level 10.0(6.0) Hexes
 + Level 6.9(3.4) Transmutations
 - Level 5.0(2.5) Ice Magic
 + Level 4.6(2.3) Earth Magic
 - Level 6.6(3.3) Poison Magic
 * Level 4.0(2.0) Invocations
 - Level 1.4(0.7) Evocations


You had 18 spell levels left.
You knew the following spells:

 Your Spells              Type           Power      Damage    Failure   Level
a - Beastly Appendage     Tmut           42%        N/A       2%          1
b - Wereblood             Tmut           21%        N/A       3%          2
c - Poisonous Vapours     Pois/Air       26%        N/A       7%          2
d - Tukima's Dance        Hex            33%        N/A       2%          3
e - Ice Form              Ice/Tmut       19%        N/A       28%         4

Your spell library contained the following spells:

 Spells                   Type           Power      Damage    Failure   Level
 Spider Form              Tmut/Pois      21%        N/A       7%          3
 Corpse Rot               Necr/Air       10%        N/A       14%         2
 Static Discharge         Conj/Air       5%         N/A       14%         2
 Petrify                  Tmut/Erth      19%        N/A       28%         4
 Yara's Violent Unravell  Hex/Tmut       13%        3d7       36%         5
 Metabolic Englaciation   Hex/Ice        12%        N/A       41%         5
 Dispel Undead            Necr           5%         3d7       67%         4
 Passage of Golubria      Tloc           5%         N/A       67%         4
 Sticky Flame             Conj/Fire      5%         2d3       67%         4
 Statue Form              Tmut/Erth      12%        N/A       99%         6


Dungeon Overview and Level Annotations

Branches:
Dungeon (10/15)            Temple (1/1) D:5            Lair (4/6) D:10
  Snake (0/4) Lair:2          Orc (2/2) D:9             Elf (0/3) Orc:2
Volcano (visited)
  Swamp: Lair:2-4    Shoals: Lair:2-4

Altars:
Ashenzari
Cheibriados
Dithmenos
Elyvilon
Fedhas
Gozag
Hepliaklqana
Kikubaaqudgha
Makhleb
Nemelex Xobeh
Okawaru
Qazlal
Ru
Sif Muna
Trog
Uskayaw
Vehumet
Wu Jian
Xom
Yredelemnul
Zin
The Shining One

Shops:
D:10 [   Orc:1 *   Orc:2 ?*(


Innate Abilities, Weirdness & Mutations

Your serpentine skin is tough. (AC +4)
You have supernaturally acute eyesight. (SInv)
Armour fits poorly on your strangely shaped body.
Your system is resistant to poisons. (rPois)
You cover ground very slowly.
You can spit poison.
You can use your snake-like lower body to constrict enemies.


Message History

You thump the orc warrior!
You feel a bit better.
You kill the orc warrior!
Cheibriados appreciates the change of pace.
Your base Invocations skill increases to level 4!
You closely miss the orc sorcerer. You grab the orc sorcerer.
You constrict the orc sorcerer.
The orc sorcerer gestures at you while chanting.
The bolt of negative energy hits you!!
You feel drained.
The orc priest calls down the wrath of Beogh upon you.
Beogh smites you!
* * * LOW HITPOINT WARNING * * *
The orc sorcerer gestures at you while chanting.
The bolt of fire hits you but does no damage.
You hear a bellow!
You hear a shout!
You hit the orc sorcerer but do no damage.
The orc sorcerer is lightly wounded.
You constrict the orc sorcerer. The orc sorcerer barely misses you.
You hit the orc sorcerer.
The orc sorcerer is moderately wounded.
You constrict the orc sorcerer. The orc sorcerer misses you.
You sock the orc sorcerer!
The orc sorcerer is severely wounded.
You constrict the orc sorcerer.
The orc high priest calls upon Beogh to heal the orc sorcerer.
The orc sorcerer is healed somewhat.
The orc sorcerer hits you with a +0 dagger.
* * * LOW HITPOINT WARNING * * *
The orc priest invokes the aid of Beogh against you.
Beogh smites you!
* * * LOW HITPOINT WARNING * * *
The orc high priest invokes the aid of Beogh against you.
Beogh smites you!
* * * LOW HITPOINT WARNING * * *
The orc sorcerer completely misses you.
You barely miss the orc sorcerer.
The orc sorcerer is heavily wounded.
You constrict the orc sorcerer.
The orc high priest calls down the wrath of Beogh upon you.
Beogh smites you!
You die...

###.....................o.o......
##...............................
###.#.......##)[.#.o....oo...#...
###.#......###[)###.)..o......##.
#.....#..###.)#####....o..#.##..
##.......###).###o####.....o##...
#.....#####..###.).# #..(o.####.#
#....## ##..###o#o#, ##...#o#####
...### ##..###..@#[o.###.....# #
#..## ##..###...###...###.#.##
#...###..###...## *#)..######
##.###..)...).## *#...#*
####....#...## #4.. *
##[..#....## #o#, * ##∩[#)....##,
* * , o. * #...).#..## , ∩ *, , ,
* ##∩[#...).## ∩ ,


You could see an orc high priest, an orc sorcerer and an orc priest.

Vanquished Creatures
  Jorgrun (Orc:2)
  Fannar (Lair:1)
  2 hydras
  A centaur warrior (D:9)
  2 two-headed ogres (Volcano)
  2 death yaks (Lair:2)
  Sonja (Orc:2)
  A wizard (D:9)
  3 orc knights (Orc:2)
  2 cyclopes
  2 orc sorcerers
  An elephant (D:10)
  2 salamanders (Volcano)
  Maurice (Orc:1)
  A rust devil (Orc:2)
  A black mamba (Lair:2)
  3 cane toads (Lair:2)
  Psyche (D:8)
  2 komodo dragons (Lair:2)
  2 red devils (Orc:2)
  A hellwing (Orc:2)
  A queen bee (D:10)
  2 trolls
  Prince Ribbit (D:7)
  A hornet (D:7)
  9 blink frogs (Lair:1)
  2 vampires
  A shadow (D:10)
  A wraith (D:10)
  A wyvern (D:9)
  28 yaks
  A fire bat (Volcano)
  2 steam dragons
  2 basilisks
  Grum (D:9)
  A vampire mosquito (D:9)
  2 wargs (Orc:2)
  An acid dragon (D:9)
  10 water moccasins
  Menkaure (D:4)
  2 hell hounds (Volcano)
  21 orc warriors
  An ice beast (D:8)
  2 black bears
  11 wolves
  2 ogres
  2 centaurs
  3 phantoms
  4 kobold brigands
  10 bullfrogs
  A necrophage (D:8)
  A scorpion (D:5)
  A gnoll sergeant (D:7)
  A water moccasin zombie (D:5)
  15 wights
  20 killer bees (D:10)
  5 electric eels
  5 howler monkeys
  3 hounds
  A bullfrog skeleton (D:5)
  Crazy Yiuf (D:4)
  2 gnoll shamans
  21 orc priests
  A jelly (D:6)
  2 iguanas
  19 orc wizards
  A killer bee zombie (D:5)
  Robin (D:4)
  22 gnolls
  A howler monkey skeleton (D:5)
  11 adders
  A white imp (D:5)
  An ufetubus (D:4)
  3 worms
  55 orcs
  7 ball pythons
  2 endoplasms
  2 giant cockroaches
  11 goblins
  14 hobgoblins
  8 jackals
  6 quokkas
  8 bats
  6 frilled lizards
  21 kobolds
  5 rats
444 creatures vanquished.

Vanquished Creatures (collateral kills)
  A two-headed ogre (D:10)
  An orc knight (D:9)
  A salamander (Volcano)
  A red devil (Orc:2)
  3 orc warriors
  An ogre (Orc:2)
  3 orc priests (Orc:2)
  3 orc wizards (Orc:2)
  A gnoll (D:9)
  9 orcs
  2 kobolds (D:9)
26 creatures vanquished.

Vanquished Creatures (others)
  30 dancing weapons
  A jelly (D:7)
  An orc priest (Orc:2)
  10 fungi
  39 plants
81 creatures vanquished.

Grand Total: 551 creatures vanquished

Notes
Turn   | Place    | Note
-------+----------+-------------------------------------------
     0 | D:1      | Dabor the Naga Transmuter began the quest for the Orb.
     0 | D:1      | Reached XP level 1. HP: 18/18 MP: 3/3
   164 | D:1      | Reached XP level 2. HP: 13/25 MP: 3/5
   504 | D:1      | Learned a level 2 spell: Wereblood
   533 | D:1      | Found a faded altar of an unknown god.
   552 | D:1      | Prayed at the altar of an unknown god.
   552 | D:1      | Became a worshipper of Ashenzari the Shackled
  1075 | D:1      | Reached XP level 3. HP: 32/32 MP: 2/7
  1626 | D:2      | Found a glowing golden altar of the Shining One.
  1857 | D:2      | Reached * piety under Ashenzari
  2072 | D:2      | Reached XP level 4. HP: 36/40 MP: 6/8
  2681 | D:3      | Reached ** piety under Ashenzari
  2828 | D:3      | Found a radiant altar of Vehumet.
  3599 | D:4      | Reached XP level 5. HP: 49/49 MP: 10/10
  3855 | D:4      | Noticed Robin
  3871 | D:4      | Killed Robin
  4042 | D:4      | Reached XP level 6. HP: 49/57 MP: 12/12
  4183 | D:4      | Noticed Menkaure
  4187 | D:4      | Killed Menkaure
  4350 | D:4      | Learned a level 2 spell: Poisonous Vapours
  4818 | D:4      | Reached skill level 1 in Poison Magic
  5360 | D:4      | Reached XP level 7. HP: 63/64 MP: 11/13
  5388 | D:4      | Found a runed translucent door.
  5389 | D:4      | Noticed Crazy Yiuf
  5423 | D:4      | Killed Crazy Yiuf
  5586 | D:5      | Entered Level 5 of the Dungeon
  5586 | D:5      | Identified the +5 whip of Bankruptcy {freeze, rPois MP+9}
  5814 | D:5      | Found a burning altar of Makhleb.
  5814 | D:5      | Noticed a balrug
  5844 | D:5      | Noticed an orange demon
  5844 | D:5      | Noticed a smoke demon
  5888 | D:5      | Found a staircase to the Ecumenical Temple.
  6059 | D:5      | Reached XP level 8. HP: 63/73 MP: 15/15
  6681 | D:6      | Reached skill level 5 in Unarmed Combat
  6688 | D:6      | Identified the cursed +2 helmet of the Eternal Moon {Melee,
                  | Cun} (You took it off Robin on level 4 of the Dungeon)
  6704 | D:6      | Found a glowing silver altar of Zin.
  7803 | D:7      | Reached skill level 5 in Transmutations
  7810 | D:7      | Reached XP level 9. HP: 79/82 MP: 18/18
  8042 | D:7      | Found a broken altar of Ashenzari.
  8050 | D:7      | Reached *** piety under Ashenzari
  8088 | D:7      | Noticed a hornet
  8092 | D:7      | Killed a hornet
  8093 | D:7      | Reached skill level 5 in Spellcasting
  8104 | D:7      | Reached skill level 5 in Fighting
  8703 | D:7      | Noticed Prince Ribbit
  8715 | D:7      | Killed Prince Ribbit
  8719 | D:7      | Identified the +1 leather armour of Floral Creativity
                  | {-Cast Fly rCorr Dex-3}
  8777 | D:7      | Found a shadowy altar of Dithmenos.
  9089 | D:8      | Identified the +1 robe of Demons {Regen+}
  9115 | D:8      | Noticed Psyche
  9181 | D:7      | Identified the cursed +0 cloak "Cursed With Me" {Evo, Alch}
                  | (You found it on level 2 of the Dungeon)
  9181 | D:7      | Identified the cursed orb "At What Cost Knowledge?" {*Rage,
                  | Melee, Bglg} (You found it on level 3 of the Dungeon)
  9181 | D:7      | Identified the cursed +0 robe "I Foresaw This" {Cun, Self}
  9442 | D:8      | Killed Psyche
  9708 | D:8      | Reached skill level 5 in Dodging
  9916 | D:8      | Reached XP level 10. HP: 91/91 MP: 18/18
 10437 | D:8      | Identified the +5 ring mail of Pantheism {+Inv rC+ Will-}
 10718 | D:8      | Learned a level 3 spell: Tukima's Dance
 10819 | D:9      | Reached skill level 1 in Hexes
 11068 | D:9      | Found an opulent altar of Gozag.
 11068 | D:9      | Noticed Grum
 11131 | D:9      | Killed Grum
 11317 | D:9      | Found a staircase to the Orcish Mines.
 11350 | D:9      | Reached skill level 1 in Maces & Flails
 11637 | D:9      | Identified a scroll of acquirement
 11670 | D:9      | Reached skill level 1 in Stealth
 11676 | D:8      | Acquired an amulet of regeneration
 11744 | D:8      | Reached skill level 1 in Evocations
 11836 | D:9      | Reached skill level 5 in Hexes
 11963 | D:9      | Noticed a centaur warrior
 11963 | D:9      | Noticed a wizard
 11964 | D:9      | Noticed a cyclops
 11972 | D:9      | Killed a wizard
 11986 | D:9      | Killed a centaur warrior
 11987 | D:9      | Reached XP level 11. HP: 30/100 MP: 14/21
 11997 | D:9      | Killed a cyclops
 12293 | Orc:1    | Entered Level 1 of the Orcish Mines
 12293 | Orc:1    | Noticed an orc knight
 12308 | D:9      | Killed an orc knight
 12743 | Orc:2    | Entered Level 2 of the Orcish Mines
 12769 | Orc:2    | Noticed a cyclops
 12804 | Orc:2    | Killed a cyclops
 12823 | Orc:2    | Found a dark tunnel.
 12832 | Volcano  | Entered a volcano
 12916 | Volcano  | Noticed a salamander
 12916 | Volcano  | Noticed a salamander
 12916 | Volcano  | Noticed a two-headed ogre
 12923 | Volcano  | Noticed a salamander
 12982 | Volcano  | Killed a two-headed ogre
 12994 | Volcano  | Killed a salamander
 13064 | Volcano  | Killed a salamander
 13129 | Volcano  | Killed a salamander
 13181 | Volcano  | Noticed a two-headed ogre
 13293 | Volcano  | Killed a two-headed ogre
 13611 | Orc:2    | Reached skill level 10 in Fighting
 13732 | Orc:2    | Found a staircase to the Elven Halls.
 13978 | Orc:2    | Noticed Sonja
 14026 | Orc:2    | Killed Sonja
 14027 | Orc:2    | Reached XP level 12. HP: 118/118 MP: 15/22
 14239 | Orc:2    | Found Boidd's Weapon Shoppe.
 14471 | D:10     | Entered Level 10 of the Dungeon
 14538 | D:10     | Learned a level 4 spell: Ice Form
 14630 | D:10     | Reached skill level 1 in Ice Magic
 14663 | D:10     | Reached skill level 5 in Poison Magic
 14689 | D:10     | Noticed an eight-headed hydra
 14714 | D:10     | Found Foinuwka's Antique Armour Shoppe.
 14823 | D:10     | Noticed a two-headed ogre
 14838 | D:10     | Killed a two-headed ogre
 15040 | D:10     | HP: 8/177 [eight-headed hydra (8)]
 15041 | D:10     | Killed an eight-headed hydra
 15478 | D:10     | Found a staircase to the Lair.
 15905 | Lair:1   | Entered Level 1 of the Lair of Beasts
 16539 | Lair:1   | Noticed Fannar
 16556 | Lair:1   | Killed Fannar
 17081 | Temple   | Entered the Ecumenical Temple
 17279 | Temple   | Fell from the grace of Ashenzari
 17279 | Temple   | Became a worshipper of Cheibriados the Contemplative
 17533 | Lair:1   | Noticed a seven-headed hydra
 17545 | Lair:1   | Killed a seven-headed hydra
 17689 | Lair:1   | Gained mutation: You can use your snake-like lower body to
                  | constrict enemies. [Naga growth]
 17689 | Lair:1   | Reached XP level 13. HP: 41/124 MP: 25/25
 18251 | Lair:2   | Reached skill level 5 in Ice Magic
 18647 | Lair:2   | Reached * piety under Cheibriados
 18660 | Lair:2   | Reached skill level 1 in Earth Magic
 18750 | Lair:2   | Found a staircase to the Snake Pit.
 20456 | Lair:2   | Reached ** piety under Cheibriados
 20740 | Orc:2    | Reached skill level 1 in Invocations
 20849 | Orc:1    | Reached skill level 10 in Hexes
 21190 | Orc:1    | Found Qiodd's Assorted Antiques.
 21360 | Orc:1    | Noticed Maurice
 21372 | Orc:1    | Killed Maurice
 21596 | Orc:2    | Reached *** piety under Cheibriados
 21829 | Orc:2    | Found Beaviedgh's General Store.
 21832 | Orc:2    | Found Junosank's Magic Scroll Shoppe.
 22014 | Orc:2    | Reached skill level 1 in Armour
 22295 | Orc:2    | Noticed Jorgrun
 22306 | Orc:2    | Killed Jorgrun
 22556 | Orc:2    | Killed from afar by an orc high priest

Illustrated notes

Levels and vault maps discovered:
D:1:      shiori_arrival_maze, layout_basic, shapermc_ecumenical_altar_gd
D:2:      layout_basic, basic_altar
D:3:      layout_basic, nicolae_overflow_hidden_temple, serial_bayou_pond_c
D:4:      layout_gridville, due_unseen_surprise, uniq_crazy_yiuf_cottage,
          uniq_robin, uniq_menkaure
D:5:      layout_layer_cave, makhleb_altar_promises_db, temple_pool_b,
          serial_undead, serial_undead_f, serial_undead_c, serial_undead_a,
          serial_undead_f
D:6:      layout_loops_ring, zin_treasury
D:7:      layout_basic, grunt_dithmenos_smoke_and_mirrors, kennysheep_mini_moat,
          chequers_serial_rivers_room_b, kennysheep_generic_room_13,
          uniq_prince_ribbit1
D:8:      layout_basic, uniq_psyche
D:9:      layout_cross, mainiacjoe_overflow_small_starburst, orc_0_dummy,
          minmay_misc_feat_four_crosses, grunt_tough_drop, uniq_grum
D:10:     layout_basic, david_lair_generic, serial_bayou, serial_bayou_pond_d,
          serial_bayou_pond_b, serial_bayou_pond_e, serial_bayou_shore_a,
          serial_shops, shop, minivault_7
Temple:   eino_temple_scatter_basement
Lair:1:   layout_roguey, chequers_serial_rivers_micro_b,
          chequers_serial_rivers_small_a, uniq_fannar
Lair:2:   layout_hall_layers, dummy_snake_entry, beast_lair_carwin_5
Lair:3:   layout_chaotic_city, minivault_19, grunt_megastairs_3,
          infiniplex_staircase_pool
Lair:4:   dragon1_lemuel, layout_gridlike, minmay_swamp_entry_reptiles,
          ebering_ghost_reflecting_pool
Orc:1:    layout_caves, serial_shops, shop, nicolae_orc_sculptors_studio,
          uniq_maurice
Orc:2:    pf_orc_diabolical, layout_diamond_mine, serial_shops,
          nicolae_shop_bloodbath_and_beyond, nicolae_volcano_entry_lava_flow,
          uniq_sonja, uniq_jorgrun

Skill      XL: |  1  2  3  4  5  6  7  8  9 10 11 12 13 |
---------------+----------------------------------------+-----
Dodging        | 2 3 4 5 6 |  6.8
Fighting       | 2 3 4 6 7 10 | 10.7
Transmutations | 3 4 5 6 |  6.9
Spellcasting   | 3 4 5 6 7 8 9 |  9.0
Unarmed Combat | 4 5 6 |  6.9
Poison Magic   | 1 3 6 |  6.6
Hexes          | 5 6 8 10 | 10.0
Maces & Flails | 1 |  1.8
Stealth        | 3 |  3.7
Evocations     | 1 |  1.4
Ice Magic      | 4 5 |  5.0
Earth Magic    | 4 |  4.6
Invocations    | 4 |  4.0
Armour         | 1 |  1.6

Action                   |  1- 3 |  4- 6 |  7- 9 | 10-12 | 13-15 || total
-------------------------+-------+-------+-------+-------+-------++-------
Melee: Unarmed           |    97 |       |    14 |    51 |    46 ||   208
       Headbutt          |     6 |    10 |    32 |   154 |    17 ||   219
       Punch             |     2 |       |       |       |     9 ||    11
       Dagger            |    15 |   142 |     5 |       |       ||   162
       Whip              |       |       |   231 |   820 |       ||  1051
       Flail             |       |       |       |    16 |   298 ||   314
       Constrict         |       |       |       |       |    64 ||    64
 Cast: Beastly Appendage |    17 |    20 |    23 |    42 |    10 ||   112
       Wereblood         |     5 |     9 |    18 |    39 |    12 ||    83
       Poisonous Vapours |       |     3 |    11 |    48 |    28 ||    90
       Tukima's Dance    |       |       |       |    75 |    49 ||   124
       Ice Form          |       |       |       |     7 |     3 ||    10
Invok: Curse Item        |     2 |     2 |     2 |     1 |       ||     7
       Shatter the Chain |       |       |     2 |       |       ||     2
       Bend Time         |       |       |       |       |     1 ||     1
 Abil: Spit Poison       |    19 |    14 |    14 |    30 |    29 ||   106
Evoke: Wand              |       |       |       |    10 |     2 ||    12
  Use: Scroll            |     2 |       |     2 |     9 |     4 ||    17
       Potion            |       |     1 |       |    11 |     1 ||    13
 Stab: Sleeping          |       |     2 |       |     1 |     1 ||     4
       Distracted        |       |       |       |     3 |     2 ||     5
Armor: Robe              |    37 |    40 |    54 |   360 |   164 ||   655
       Skin              |       |       |     1 |    63 |    10 ||    74
Dodge: Dodged            |    85 |    83 |   172 |   808 |   213 ||  1361
Block: Buckler           |       |       |       |    11 |    13 ||    24

Table legend: (Time is in decaauts)
 A = Elapsed time spent in this place.
 B = Non-inter-level travel time spent in this place.
 C = Inter-level travel time spent in this place.
 D = Time resting spent in this place.
 E = Time spent auto-exploring this place.
 F = Levels seen in this place.
 G = Mean time per level.
                   A        B        C        D        E       F      G
               +--------+--------+--------+--------+--------+-----+--------+
         Total |  28898 |  26697 |   2201 |   5080 |  14535 |  18 | 1605.4 |
       Dungeon |  17886 |  16330 |   1556 |   2814 |  10025 |  10 | 1788.6 |
        Temple |    345 |    328 |     17 |      0 |    224 |   1 |  345.0 |
          Lair |   5800 |   5298 |    502 |   1247 |   2475 |   4 | 1450.0 |
  Orcish Mines |   4074 |   3948 |    126 |    762 |   1693 |   2 | 2037.0 |
       Volcano |    791 |    791 |      0 |    257 |    116 |   1 |  791.0 |
               +--------+--------+--------+--------+--------+-----+--------+

Top non-repeatable levels by time:
  Lair:2: 3277 daAuts
   Orc:2: 2932 daAuts
     D:4: 2539 daAuts
  Lair:1: 2286 daAuts
     D:8: 2064 daAuts
     D:9: 2059 daAuts
     D:7: 1917 daAuts
    D:10: 1877 daAuts
     D:1: 1762 daAuts
     D:6: 1691 daAuts
     D:3: 1381 daAuts
     D:5: 1323 daAuts
     D:2: 1270 daAuts
   Orc:1: 1142 daAuts
 Volcano: 791 daAuts
